 Dungeon Crawl Stone Soup version 0.32-a0-519-g08f29ac1c3 (webtiles) character file.

Game seed: 13861694039661830178

159 Alarak the Shooter (level 5, -10/39 HPs)
             Began as a Barachi Hunter on Feb 29, 2024.
             Mangled by an ogre
             ... wielding a +0 giant spiked club
              (21 damage)
             ... on level 3 of the Dungeon.
             The game lasted 00:06:42 (2247 turns).

Alarak the Shooter (Barachi Hunter)                 Turns: 2247, Time: 00:06:43

Health: -10/39     AC:  5    Str: 13    XL:     5   Next: 40%
Magic:  5/5        EV: 12    Int:  9    God:
Gold:   103        SH:  0    Dex: 20    Spells: 4/4 levels left

rFire   + . .        a - +0 shortbow
rCold   + . .        (shield currently unavailable)
rNeg    . . .        c - +0 leather armour
rPois   .            l - +0 helmet of Asceticism {+Blink Will- Dex+3 Stlth+}
rElec   .            m - scarf {rC+ rF+}
rCorr   .            (no gloves)
SInv    .            g - +0 pair of boots
Will    .....        (no amulet)
Stlth   +++          (no ring)
HPRegen 0.26/turn    (no ring)
MPRegen 0.09/turn

%: no passive effects
@: unable to hop, slow
A: amphibious, slowness 1, strong legs 1, +LOS
a: Hop, Evoke Blink


You were on level 3 of the Dungeon.
You visited 1 branch of the dungeon, and saw 3 of its levels.

You collected 103 gold pieces.

Inventory:

Hand Weapons
 a - a +0 shortbow (weapon)
 k - a +1 dagger of venom
Armour
 c - a +0 leather armour (worn)
 g - a +0 pair of boots (worn)
 l - the +0 helmet of Asceticism (worn) {+Blink Will- Dex+3 Stlth+}
   (You took it off Robin on level 2 of the Dungeon)

   Dex+3:     It affects your dexterity (+3).
   Will-:     It decreases your willpower.
   +Blink:    It lets you blink.
   Stlth+:    It makes you more stealthy.
 m - a scarf of resistance (worn)
 n - a +1 hat
Scrolls
 e - 2 scrolls of identify
 i - a scroll of blinking {unknown}
Potions
 b - a potion of brilliance {unknown}
 d - a potion of mutation
 f - a potion of might {unknown}
 h - 2 potions of attraction {unknown}
 j - a potion of magic {unknown}


   Skills:
 - Level 2.4 Fighting
 + Level 6.5 Ranged Weapons
 - Level 2.1 Dodging
 - Level 0.8 Stealth


You had 4 spell levels left.
You didn't know any spells.
Your spell library contained the following spells:

 Spells                   Type           Power      Damage    Failure   Level
 Apportation              Tloc           0%         N/A       45%         1
 Necrotise                Necr           0%         1d4       45%         1
 Sting                    Conj/Alch      0%         1d3       45%         1
 Summon Small Mammal      Summ           0%         N/A       45%         1
 Mercury Vapours          Alch/Air       0%         N/A       61%         2
 Mephitic Cloud           Conj/Alch/Air  0%         N/A       83%         3
 Freezing Cloud           Conj/Ice/Air   0%         6-21      100%        5


Dungeon Overview and Level Annotations

Branches:
Dungeon (3/15)

Altars:
Ru


Innate Abilities, Weirdness & Mutations

You are amphibious.
You cover ground slowly.
You can hop short distances.
You have an extended range of vision and can be seen from far away.


Message History

You shoot an arrow. The arrow barely misses the adder.
The adder barely misses you. x2
You shoot an arrow. The arrow hits the adder.
The adder is heavily wounded.
The adder barely misses you.
You shoot an arrow. The arrow hits the adder.
You kill the adder!
No target in view!
You start resting.
HP restored.
Things that are here:
a +0 club; a goblin skeleton
There is a stone staircase leading down here.
You climb downwards.
There is a stone staircase leading up here.
Hop to where?
Press: ? - help, Q - select action, (/) - cycle Dir - move target Boing!
You shoot an arrow. The arrow hits the ogre.
The ogre is lightly wounded.
You shoot an arrow. The arrow barely misses the ogre.
You shoot an arrow. The arrow barely misses the ogre.
You shoot an arrow. The arrow hits the ogre.
The ogre is moderately wounded.
The ogre misses you.
You shoot an arrow. The arrow hits the ogre!
The ogre is heavily wounded.
The ogre hits you with a +0 giant spiked club!!
You shoot an arrow. The arrow hits the ogre.
The ogre is heavily wounded.
You shoot an arrow. The arrow hits the ogre.
The ogre is severely wounded.
The ogre hits you with a +0 giant spiked club!
* * * LOW HITPOINT WARNING * * *
You shoot an arrow.
The arrow hits the ogre but does no damage.
The ogre is severely wounded.
The ogre hits you with a +0 giant spiked club!!
Ouch! That really hurt!
You die...

#...# ....
.... ...[
#... ##...
# #..#
#.#######.#
#.?@O....<#
#........##
#.....<..#
#........#
#........#
#........#
#........#
#.....>..#
#..###..##


You could see an ogre.

Vanquished Creatures
  Jessica (D:2)
  Robin (D:2)
  4 gnolls (D:2)
  3 adders (D:2)
  A dart slug (D:2)
  4 ball pythons
  3 endoplasms
  2 giant cockroaches
  14 goblins
  6 hobgoblins (D:2)
  4 jackals (D:2)
  A kobold (D:1)
  A quokka (D:1)
  2 bats
  A frilled lizard (D:2)
  4 rats
52 creatures vanquished.

Notes
Turn   | Place    | Note
-------+----------+-------------------------------------------
     0 | D:1      | Alarak the Barachi Hunter began the quest for the Orb.
     0 | D:1      | Reached XP level 1. HP: 17/17 MP: 1/1
   153 | D:1      | Reached XP level 2. HP: 23/23 MP: 2/2
   906 | D:2      | Reached XP level 3. HP: 22/28 MP: 3/3
  1031 | D:2      | Noticed Jessica
  1033 | D:2      | Killed Jessica
  1034 | D:2      | Reached skill level 5 in Ranged Weapons
  1085 | D:2      | Identified the +0 helmet of Asceticism {+Blink Will- Dex+3
                  | Stlth+}
  1085 | D:2      | Noticed Robin
  1091 | D:2      | Killed Robin
  1092 | D:2      | Reached XP level 4. HP: 31/34 MP: 4/4
  1239 | D:2      | Reached skill level 6 in Ranged Weapons
  1447 | D:2      | Reached XP level 5. HP: 38/39 MP: 5/5
  1797 | D:2      | Found a sacrificial altar of Ru.
  2154 | D:3      | Noticed an ogre
  2247 | D:3      | Mangled by an ogre

Illustrated notes

Levels and vault maps discovered:
D:1:      psy_arrival_fountain, layout_loops_ring
D:2:      layout_basic, basic_altar, uniq_robin, uniq_jessica
D:3:      layout_rooms, kennysheep_ying_yang,
          hellmonk_ecumenical_altar_dog_temple, minmay_misc_feat_cross,
          uniq_sigmund

Skill      XL: |  1  2  3  4 |
---------------+-------------+-----
Ranged Weapons | 5 6 |  6.5
Fighting       | |  2.4
Dodging        | |  2.1
Stealth        | |  0.8

Action                     |  1- 3 |  4- 6 || total
---------------------------+-------+-------++-------
   Fire: Shortbow          |    67 |    96 ||   163
Ability: Hop               |     3 |     3 ||     6
    Use: Scroll            |     2 |     1 ||     3
 Armour: Leather armour    |    17 |    27 ||    44
  Dodge: Dodged            |    10 |    21 ||    31

Table legend: (Time is in decaauts)
 A = Elapsed time spent in this place.
 B = Non-inter-level travel time spent in this place.
 C = Inter-level travel time spent in this place.
 D = Time resting spent in this place.
 E = Time spent auto-exploring this place.
 F = Levels seen in this place.
 G = Mean time per level.
                   A        B        C        D        E       F      G
               +--------+--------+--------+--------+--------+-----+--------+
         Total |   2625 |   2348 |    277 |    238 |   1780 |   3 |  875.0 |
       Dungeon |   2625 |   2348 |    277 |    238 |   1780 |   3 |  875.0 |
               +--------+--------+--------+--------+--------+-----+--------+

Top non-repeatable levels by time:
     D:2: 1762 daAuts
     D:1: 845 daAuts
     D:3: 17 daAuts
